 Dungeon Crawl Stone Soup version 0.26-a0-1086-g9010512d90 (webtiles) character file.

Game seed: 2087522443175236055

329 wythoutpain the Poker (level 6, -1/44 (46) HPs)
             Began as a Merfolk Gladiator on Dec 14, 2020.
             Slain by a water moccasin (5 damage)
             ... on level 3 of the Dungeon.
             The game lasted 00:32:34 (2951 turns).

wythoutpain the Poker (Merfolk Gladiator)           Turns: 2951, Time: 00:32:35

HP:   -1/44 (46)    AC:  5    Str: 16    XL:     6   Next: 50%
MP:   6/6           EV: 15    Int:  7    God:
Gold: 154           SH:  0    Dex: 16    Spells: 5/5 levels left

rFire    . . .     SeeInvis .   a - +1 trident
rCold    . . .     Faith    .   (no shield)
rNeg     . . .     Spirit   .   k - +0 robe
rPois    .         Reflect  .   c - +0 helmet
rElec    .         Harm     .   s - +0 cloak
rCorr    .         Rampage  .   (no gloves)
Will     +....                  f - +0 pair of boots
Stlth    ++........             (no amulet)
HPRegen  0.14/turn              j - ring of willpower
MPRegen  0.10/turn              (no ring)

@: lethally poisoned (-1 -> -1), hasted, lightly drained, very quick
A: change form in water, swift swim, stealthy swim
a: no special abilities


You were on level 3 of the Dungeon.
You visited 1 branch of the dungeon, and saw 3 of its levels.

You collected 154 gold pieces.

Inventory:

Hand Weapons
 a - a +1 trident (weapon)
Missiles
 d - 3 throwing nets
 i - 89 stones (quivered)
 m - 8 poisoned darts
 u - 3 curare-tipped darts
Armour
 c - a +0 helmet (worn)
 f - a +0 pair of boots (worn)
 k - a +0 robe (worn)
 s - a +0 cloak (worn)
Jewellery
 j - a ring of willpower (left hand)
Wands
 q - a wand of iceblast (6)
Scrolls
 h - a scroll of enchant weapon
 o - 3 scrolls of teleportation
 p - 3 scrolls of amnesia
 r - 2 scrolls of identify
 t - a scroll of remove curse
 v - 3 scrolls of noise {unknown}
Potions
 b - a potion of flight {unknown}
 e - a potion of magic {unknown}
 g - a potion of berserk rage
 l - a potion of haste
 n - 2 potions of ambrosia {unknown}


   Skills:
 + Level 2.9 Fighting
 + Level 7.3 Polearms
 + Level 2.8 Throwing
 + Level 5.3 Dodging
 * Level 3.3 Stealth


You had 5 spell levels left.
You didn't know any spells.
Your spell library was empty.

Dungeon Overview and Level Annotations

Branches:
Dungeon (3/15)

Altars:
Dithmenos
Fedhas
Makhleb
Vehumet
Xom
The Shining One


Message History

You feel sick. The water moccasin closely misses you.
You feel sick. The water moccasin closely misses you.
You feel sick. The water moccasin closely misses you.
You feel sick. The water moccasin closely misses you.
You feel sick. The water moccasin barely misses you.
You closely miss the water moccasin.
The water moccasin is moderately wounded.
The water moccasin bites you!
* * * LOW HITPOINT WARNING * * *
It was a potion of haste.
You feel yourself speed up. The water moccasin closely misses you.
You feel sick.
You feel sick.
You hit the water moccasin.
The water moccasin is heavily wounded.
The water moccasin bites you.
You die...

..# #.#.## #.#
#.##_##
#.######.###.#
#........##[##
....####.#.##
###.###..##.######
# #.......#.#....#
###.###..<#...##.#
.......#.#######@#
#.####.#.# #S# #.#
#.#.# #.# #.#
#.#.# #.# ..#
#.#.# #.# ###
#.#.# #o# #.#.#
#g# #.#.#######.#
#.#......##.#


You could see a water moccasin, an orc and a goblin.

Vanquished Creatures
  Sigmund (D:2)
  A hound (D:3)
  An orc wizard (D:3)
  Jessica (D:2)
  An adder (D:3)
  2 worms
  8 dart slugs
  3 leopard geckos
  2 orcs (D:3)
  4 giant cockroaches
  5 goblins
  7 hobgoblins
  3 jackals (D:1)
  7 kobolds
  A ball python (D:1)
  6 bats
  A frilled lizard (D:1)
  6 rats
60 creatures vanquished.

Notes
Turn   | Place    | Note
-------+----------+-------------------------------------------
     0 | D:1      | wythoutpain the Merfolk Gladiator began the quest for the
                  | Orb.
     0 | D:1      | Reached XP level 1. HP: 16/16 MP: 1/1
    57 | D:1      | Reached XP level 2. HP: 10/22 MP: 2/2
   294 | D:1      | Reached skill level 5 in Polearms
   629 | D:1      | Reached XP level 3. HP: 26/27 MP: 3/3
  1114 | D:2      | Noticed Jessica
  1128 | D:2      | Killed Jessica
  1129 | D:2      | Reached skill level 1 in Stealth
  1129 | D:2      | Reached XP level 4. HP: 29/34 MP: 4/4
  1339 | D:2      | Noticed Sigmund
  1659 | D:2      | Killed Sigmund
  1660 | D:2      | Reached skill level 7 in Polearms
  1660 | D:2      | Reached skill level 5 in Dodging
  1660 | D:2      | Reached XP level 5. HP: 30/40 MP: 5/5
  1660 | D:2      | Reached XP level 6. HP: 35/46 MP: 6/6
  1933 | D:2      | Found a glowing golden altar of the Shining One.
  1933 | D:2      | Found a blossoming altar of Fedhas.
  1933 | D:2      | Found a radiant altar of Vehumet.
  2083 | D:2      | Found a shimmering altar of Xom.
  2090 | D:2      | Found a shimmering altar of Xom.
  2091 | D:2      | Found a shimmering altar of Xom.
  2091 | D:2      | Found a shimmering altar of Xom.
  2091 | D:2      | Found a shimmering altar of Xom.
  2092 | D:2      | Found a shimmering altar of Xom.
  2092 | D:2      | Found a shimmering altar of Xom.
  2228 | D:3      | Found a shadowy altar of Dithmenos.
  2391 | D:3      | Found a faded altar of an unknown god.
  2473 | D:3      | Found a burning altar of Makhleb.
  2905 | D:3      | Noticed a water moccasin
  2951 | D:3      | Slain by a water moccasin

Illustrated notes

Levels and vault maps discovered:
D:1:      lightli_arrival_boilingwater, layout_loops_ring, minmay_tripent
D:2:      layout_basic, gammafunk_temple_overflow_claw, xom_redecorated,
          uniq_jessica, uniq_sigmund
D:3:      layout_loops_ring, marbit_many_paths, makhleb_blood_cavern_becter,
          chequers_ecumenical_altar_twisty, kennysheep_generic_room_11

Skill      XL: |  1  2  3  4  5  6 |
---------------+-------------------+-----
Polearms       | 5 7 |  7.3
Stealth        | 1 2 3 |  3.3
Dodging        | 5 |  5.3
Fighting       | |  2.9
Throwing       | |  2.8

Action                   |  1- 3 |  4- 6 || total
-------------------------+-------+-------++-------
Melee: Trident           |   105 |   105 ||   210
Throw: Stone             |    11 |    28 ||    39
       Dart              |       |     4 ||     4
  Use: Scroll            |     5 |     2 ||     7
       Potion            |       |     1 ||     1
 Stab: Sleeping          |     3 |     8 ||    11
       Distracted        |       |     1 ||     1
Armor: Leather armour    |     6 |       ||     6
       Robe              |    10 |    15 ||    25
Dodge: Dodged            |    51 |    53 ||   104

Table legend: (Time is in decaauts)
 A = Elapsed time spent in this place.
 B = Non-inter-level travel time spent in this place.
 C = Inter-level travel time spent in this place.
 D = Time resting spent in this place.
 E = Time spent auto-exploring this place.
 F = Levels seen in this place.
 G = Mean time per level.
                   A        B        C        D        E       F      G
               +--------+--------+--------+--------+--------+-----+--------+
         Total |   2940 |   2754 |    186 |    487 |   1413 |   3 |  980.0 |
       Dungeon |   2940 |   2754 |    186 |    487 |   1413 |   3 |  980.0 |
               +--------+--------+--------+--------+--------+-----+--------+

Top non-repeatable levels by time:
     D:1: 1310 daAuts
     D:2: 904 daAuts
     D:3: 725 daAuts
